 Dungeon Crawl Stone Soup version 0.29-a0-321-gf1c400731a (webtiles) character file.

Game seed: 18015415730914647121

19 Morbidden the Conjurer (level 2, 20/20 HPs)
             Began as a Demonspawn Conjurer on Apr 4, 2022.
             Quit the game on level 1 of the Dungeon.
             The game lasted 00:00:53 (877 turns).

Morbidden the Conjurer (Demonspawn Conjurer)         Turns: 877, Time: 00:00:53

Health: 20/20      AC:  2    Str:  7    XL:     2   Next: 55%
Magic:  1/5        EV: 12    Int: 19    God:
Gold:   12         SH:  0    Dex: 11    Spells: 4/5 levels left

rFire   . . .      SeeInvis .   (no weapon)
rCold   . . .      Faith    .   (no shield)
rNeg    . . .      Spirit   .   a - +0 robe
rPois   .          Reflect  .   (no helmet)
rElec   .          Harm     .   (no cloak)
rCorr   .          Rampage  .   (no gloves)
Will    .....                   (no boots)
Stlth   ++........              (no amulet)
HPRegen 0.06/turn               (no ring)
MPRegen 0.09/turn               (no ring)

@: no status effects
A: ignite blood 1
a: no special abilities


You were on level 1 of the Dungeon.
You visited 1 branch of the dungeon, and saw 1 of its levels.

You collected 12 gold pieces.

Inventory:

Missiles
 f - 4 javelins (quivered)
Armour
 a - a +0 robe (worn)
Jewellery
 e - a ring of willpower
Scrolls
 c - a scroll of enchant armour {unknown}
 d - a scroll of identify {unknown}
Potions
 b - a potion of magic
 g - a potion of flight {unknown}
 h - a potion of berserk rage {unknown}


   Skills:
 * Level 0.4 Fighting
 * Level 1.8 Dodging
 + Level 1.7 Stealth
 * Level 2.0 Spellcasting
 * Level 4.6 Conjurations


You had 4 spell levels left.
You knew the following spells:

 Your Spells              Type           Power      Damage    Failure   Level
a - Magic Dart            Conj           76%        1d6       2%          1

Your spell library contained the following spells:

 Spells                   Type           Power      Damage    Failure   Level
 Searing Ray              Conj           38%        2d5       3%          2
 Dazzling Flash           Conj/Hex       20%        N/A       21%         3
 Ensorcelled Hibernation  Hex/Ice        2%         N/A       26%         2
 Passwall                 Tmut/Erth      0%         N/A       26%         2
 Swiftness                Air            1%         N/A       45%         3
 Fulminant Prism          Conj/Hex       5%         3d7       54%         4
 Iskenderun's Mystic Bla  Conj/Tloc      10%        2d4       54%         4


Dungeon Overview and Level Annotations

Branches:
Dungeon (1/15)

Altars:


Innate Abilities, Weirdness & Mutations

Your demonic aura sometimes causes spilled blood to erupt in flames.


Message History

Casting: Magic Dart (safe; 2% risk of failure)
Confirm with . or Enter, or press ? or * to list all spells.
You don't have enough magic to cast this spell.
A hobgoblin is nearby!
Casting: Magic Dart (safe; 2% risk of failure)
Confirm with . or Enter, or press ? or * to list all spells.
You don't have enough magic to cast this spell.
A hobgoblin is nearby!
Casting: Magic Dart (safe; 2% risk of failure)
Confirm with . or Enter, or press ? or * to list all spells.
You don't have enough magic to cast this spell.
A hobgoblin is nearby!
Unknown command.
Casting: Magic Dart (safe; 2% risk of failure)
Confirm with . or Enter, or press ? or * to list all spells.
You don't have enough magic to cast this spell.
Casting: Magic Dart (safe; 2% risk of failure)
Confirm with . or Enter, or press ? or * to list all spells.
You don't have enough magic to cast this spell.
A hobgoblin is nearby!
Casting: Magic Dart (safe; 2% risk of failure)
Confirm with . or Enter, or press ? or * to list all spells.
You don't have enough magic to cast this spell.
Unknown command.
You barely miss the hobgoblin.
The hobgoblin is severely wounded.
The hobgoblin misses you.
You closely miss the hobgoblin.
The hobgoblin is severely wounded.
The hobgoblin hits you but does no damage.
You barely miss the hobgoblin.
The hobgoblin is severely wounded.
The hobgoblin misses you.
You hit the hobgoblin but do no damage.
The hobgoblin is heavily wounded.
The hobgoblin closely misses you.
You hit the hobgoblin but do no damage.
The hobgoblin is heavily wounded.
The hobgoblin barely misses you.
Are you sure you want to abandon this character and quit the game? (Confirm with "yes".)

#.# ##.######
#####.######...#...##############
.............>...................
#####.###.##...#...##############
# ##.##...........# #
#......###.##...# ####..#...#
#.##.#.# ## ..........# #.##g#.#
. ####......# #.##@#.###.# ##
#).....# #.##.#...#.# # . .#
#............#......# .#.# .#
#.........###.#...######.... .#
#......... #.#.....#.....
.###.##...##. #.#.###.#...
............ ..#.# #.#.#
.###.###.... ....# #...#
............ ...### ##)########


You could see a hobgoblin.

Vanquished Creatures
  A dart slug (D:1)
  3 giant cockroaches (D:1)
  2 goblins (D:1)
  A hobgoblin (D:1)
  3 kobolds (D:1)
  A quokka (D:1)
  2 ball pythons (D:1)
  2 bats (D:1)
  A frilled lizard (D:1)
  A rat (D:1)
17 creatures vanquished.

Notes
Turn   | Place    | Note
-------+----------+-------------------------------------------
     0 | D:1      | Morbidden the Demonspawn Conjurer began the quest for the
                  | Orb.
     0 | D:1      | Reached XP level 1. HP: 13/13 MP: 3/3
   411 | D:1      | Gained mutation: Your demonic aura sometimes causes spilled
                  | blood to erupt in flames. [demonic ancestry]
   411 | D:1      | Reached XP level 2. HP: 13/19 MP: 0/5
   877 | D:1      | Quit the game

Illustrated notes

Levels and vault maps discovered:
D:1:      dpeg_arrival_fog, layout_loops_ring

Action                   || total
-------------------------++-------
Melee: Unarmed           ||    20
Throw: Javelin           ||     4
 Cast: Magic Dart        ||    33
Armor: Robe              ||    10
Dodge: Dodged            ||    21

Table legend: (Time is in decaauts)
 A = Elapsed time spent in this place.
 B = Non-inter-level travel time spent in this place.
 C = Inter-level travel time spent in this place.
 D = Time resting spent in this place.
 E = Time spent auto-exploring this place.
 F = Levels seen in this place.
 G = Mean time per level.
                   A        B        C        D        E       F      G
               +--------+--------+--------+--------+--------+-----+--------+
         Total |    879 |    879 |      0 |     40 |    721 |   1 |  879.0 |
       Dungeon |    879 |    879 |      0 |     40 |    721 |   1 |  879.0 |
               +--------+--------+--------+--------+--------+-----+--------+

Top non-repeatable levels by time:
     D:1: 879 daAuts
